 Dungeon Crawl Stone Soup version 0.30-a0-118-ga018f8e90f (webtiles) character file.

Game seed: 6757558472234919896

29519 Taroth the Cleaver (level 13, -11/116 HPs)
             Began as a Red Draconian Berserker on Sept 13, 2022.
             Was an Elder of Trog.
             Mangled by a death yak (18 damage)
             ... on level 4 of the Lair of Beasts.
             The game lasted 00:32:33 (16685 turns).

Taroth the Cleaver (Red Draconian Berserker)       Turns: 16685, Time: 00:32:33

Health: -11/116    AC: 14    Str: 20    XL:     13   Next: 15%
Magic:  13/13      EV: 21    Int:  7    God:    Trog [****..]
Gold:   872        SH:  5    Dex: 15    Spells: 12/12 levels left

rFire   + + .      SeeInvis +    M - +2 battleaxe (vorpal)
rCold   + + +      Faith    .    (shield currently unavailable)
rNeg    . . .      Spirit   .    (body armour unavailable)
rPois   +          Reflect  +    (helmet restricted)
rElec   +          Harm     .    b - +2 cloak
rCorr   +          Rampage  .    B - +0 pair of gloves
Will    .....                    C - +1 pair of boots of the Lizard {Contam rElec rC++ Str-5}
Stlth   +++.......               v - amulet "Quuch" {Reflect Dex+4 SH+5}
HPRegen 0.29/turn                o - +4 ring of evasion
MPRegen 0.13/turn                D - ring of see invisible

@: about to teleport, resistant, on berserk cooldown, slowed, very slow
A: breathe fire, AC +8, unfitting armour, fire resistance 1, cold-blooded
a: Breathe Fire, Renounce Religion, Berserk, Trog's Hand, Brothers in Arms


You were on level 4 of the Lair of Beasts.
You worshipped Trog.
Trog was greatly pleased with you.
You visited 3 branches of the dungeon, and saw 16 of its levels.

You collected 872 gold pieces.

Inventory:

Hand Weapons
 a - a +2 hand axe
 m - a +4 vampiric hand axe
 s - a +0 halberd of venom
 I - a +1 demon whip of venom
 M - a +2 vorpal battleaxe (weapon)
Missiles
 u - 3 throwing nets (quivered)
Armour
 b - a +2 cloak (worn)
 e - a scarf of shadows
 f - a +0 helmet
 r - the +0 buckler of the Tuna {rF+ SInv}
   (You acquired it on level 7 of the Dungeon)

   rF:        It protects you from fire.
   SInv:      It lets you see invisible.
 B - a +0 pair of gloves (worn)
 C - the +1 pair of boots of the Lizard (worn) {Contam rElec rC++ Str-5}
   (You found it on level 9 of the Dungeon)

   Str:       It affects your strength (-5).
   rC:        It greatly protects you from cold.
   rElec:     It insulates you from electricity.
   Contam:    It causes magical contamination when unequipped.
 G - a +0 tower shield
Jewellery
 o - a +4 ring of evasion (left hand)
 v - the amulet "Quuch" (around neck) {Reflect Dex+4 SH+5}
   (You acquired it on level 8 of the Dungeon)

   [amulet of reflection]

   It reflects blocked missile attacks.
   Dex:       It affects your dexterity (+4).
   SH:        It affects your SH (+5).
 D - a ring of see invisible (right hand)
 K - a +6 ring of strength
 L - a ring of fire
 P - a +6 ring of strength
Wands
 k - a wand of roots (6)
 y - a wand of paralysis (3)
 z - a wand of acid (8)
 H - a wand of digging (3)
 R - a wand of mindburst (10)
Scrolls
 p - a scroll of poison
 q - 2 scrolls of teleportation
 t - 4 scrolls of identify
 w - a scroll of magic mapping
 F - a scroll of noise
 O - a scroll of fog
 Q - 2 scrolls of enchant weapon
 S - a scroll of immolation {unknown}
Potions
 c - a potion of brilliance
 d - 4 potions of mutation
 g - 4 potions of cancellation
 h - 2 potions of ambrosia
 i - 3 potions of attraction
 j - a potion of heal wounds
 l - a potion of magic
 n - 8 potions of curing
 x - a potion of degeneration
 A - a potion of flight
 J - 3 potions of lignification
 T - a potion of berserk rage
 U - a potion of invisibility {unknown}


   Skills:
 + Level 11.1 Fighting
 + Level 14.7 Axes
 + Level 10.3 Dodging
 + Level 4.6 Stealth
 + Level 8.0 Shields
 + Level 2.6 Evocations


You had 12 spell levels left.
You didn't know any spells.
Your spell library was empty.

Dungeon Overview and Level Annotations

Branches:
Dungeon (11/15)            Temple (1/1) D:4            Lair (4/5) D:11
  Swamp (0/4) Lair:3       Spider (0/4) Lair:3
  Slime: Lair:4-5       Orc: D:9-12

Altars:
Ashenzari
Cheibriados
Dithmenos
Elyvilon
Fedhas
Gozag
Hepliaklqana
Kikubaaqudgha
Makhleb
Nemelex Xobeh
Okawaru
Qazlal
Ru
Sif Muna
Trog
Uskayaw
Vehumet
Wu Jian
Xom
Yredelemnul
Zin
The Shining One

Shops:
D:3 [


Innate Abilities, Weirdness & Mutations

You can breathe blasts of fire.
Your fiery red scales are hard. (AC +8)
You cannot fit into any form of body armour.
Your flesh is heat resistant. (rF+)
You are cold-blooded and may be slowed by cold attacks.


Message History

The death yak completely misses you.
You feel much better. The death yak gores you!
The death yak gores you but does no damage.
You feel much better. The death yak barely misses you.
You block the death yak's attack. x2; The death yak barely misses you.
You feel protected. The death yak barely misses you.
You block the death yak's attack.
You fail to use your ability.
The death yak closely misses you. The death yak gores you!
The death yak barely misses you. The death yak gores you!
You slash the death yak!
The death yak is moderately wounded.
You barely miss the death yak.
You feel the effects of Trog's Hand fading.
The death yak completely misses you. You block the death yak's attack.
You slice the death yak!!
The death yak is severely wounded.
You hit the death yak. The death yak gores you!!
* * * LOW HITPOINT WARNING * * *
The death yak gores you!
* * * LOW HITPOINT WARNING * * *
The death yak gores you.
* * * LOW HITPOINT WARNING * * *
The death yak closely misses you.
Okay, then.
As you read the scroll of fear, it crumbles to dust.
You assume a fearsome visage.
The death yak looks frightened!
The death yak easily resists.
The death yak resists with almost no effort.
The death yak completely misses you.
As you read the scroll of teleportation, it crumbles to dust.
You feel strangely unstable. The death yak completely misses you.
The death yak misses you.
The death yak gores you but does no damage.
The death yak misses you. The death yak attacks as you move away!
The death yak gores you.
* * * LOW HITPOINT WARNING * * *
Your skin stops crawling.
You feel less strong-willed. The death yak attacks as you move away!
The death yak gores you!!
You die...

##..#.# # ###.#..#.#
#######........#
................
##.............#
#.#.#..#....#..##
##..###..P###..P # #?..#
#..###...####.##...
##..# #...#
#...@YY..Y...
.....##.####..#.#†.#.###
#..#PP....##...######
..#...........##
......##......# ......
#...#..# ##.#. ##.PP..#
# # #.....# #<#...#


You could see 3 death yaks.

Vanquished Creatures
  Gastronok (Lair:2)
  A hydra (Lair:3)
  A boulder beetle (D:11)
  A catoblepas (Lair:2)
  4 two-headed ogres
  A death yak (Lair:4)
  Amaemon (Lair:1)
  Pikel (D:9)
  3 bog bodies (Lair:3)
  A lindwurm (Lair:2)
  The ghost of Xoff the Magician, a novice GnHW of Vehumet (D:6)
  4 black mambas
  4 cane toads
  3 elephants (Lair:2)
  3 kobold demonologists
  A rime drake (Lair:3)
  An unseen horror (D:10)
  5 komodo dragons
  2 trolls
  3 blink frogs (Lair:3)
  6 spriggans (Lair:3)
  38 yaks
  A wraith (D:10)
  4 wyverns
  2 basilisks (Lair:2)
  2 steam dragons
  2 swamp worms (Lair:3)
  An acid dragon (D:9)
  4 water moccasins
  3 orc warriors
  2 ice beasts
  4 black bears
  12 wolves
  4 centaurs
  3 lemures (D:9)
  A phantom (D:7)
  5 kobold brigands
  4 scorpions
  A necrophage (D:7)
  6 bullfrogs
  A howler monkey (D:9)
  An electric eel (Lair:3)
  3 gnoll boudas
  2 jellies
  2 hounds (D:5)
  6 orc priests
  5 iguanas
  An iron imp (D:4)
  9 orc wizards
  6 adders
  12 gnolls
  A shadow imp (D:7)
  A white imp (D:7)
  2 ufetubi
  3 worms
  A dart slug (D:1)
  26 orcs
  6 endoplasms
  A giant cockroach (D:4)
  6 hobgoblins
  A quokka (D:1)
  4 ball pythons
  2 frilled lizards
  7 goblins
  26 kobolds
  4 rats (D:1)
  A spectral orc (D:9)
  A bush (Lair:4)
288 creatures vanquished.

Vanquished Creatures (collateral kills)
  A death yak (Lair:4)
  An orange demon (Lair:1)
2 creatures vanquished.

Vanquished Creatures (others)
  An orc wizard (D:8)
  2 orcs (D:8)
  A kobold (D:10)
  A bush (Lair:4)
  12 fungi
  36 plants
53 creatures vanquished.

Grand Total: 343 creatures vanquished

Notes
Turn   | Place    | Note
-------+----------+-------------------------------------------
     0 | D:1      | Taroth the Draconian Berserker began the quest for the Orb.
     0 | D:1      | Reached XP level 1. HP: 19/19 MP: 1/1
   482 | D:1      | Reached XP level 2. HP: 26/26 MP: 2/2
  1405 | D:2      | Reached XP level 3. HP: 32/33 MP: 3/3
  1609 | D:2      | Reached ** piety under Trog
  1859 | D:2      | Found a faded altar of an unknown god.
  1932 | D:2      | Identified the +1 robe of Ashenzari's Wrath {rElec}
  2537 | D:3      | Found Suifioru's Armour Shop.
  3066 | D:3      | Found a blossoming altar of Fedhas.
  3069 | D:3      | Found a shadowy altar of Dithmenos.
  3074 | D:3      | Found a radiant altar of Vehumet.
  3127 | D:3      | Reached XP level 4. HP: 40/40 MP: 4/4
  3332 | D:3      | Reached skill level 4 in Axes
  3731 | D:4      | Reached XP level 5. HP: 46/46 MP: 5/5
  3774 | D:4      | Noticed a black bear
  3789 | D:4      | Killed a black bear
  3790 | D:4      | Reached skill level 5 in Axes
  3946 | D:4      | Found a staircase to the Ecumenical Temple.
  3956 | Temple   | Entered the Ecumenical Temple
  4349 | D:4      | Reached XP level 6. HP: 20/53 MP: 6/6
  4764 | D:4      | Found a snail-covered altar of Cheibriados.
  4822 | D:5      | Entered Level 5 of the Dungeon
  4884 | D:5      | Reached skill level 1 in Stealth
  4903 | D:5      | Noticed an ice beast
  4915 | D:5      | Reached skill level 6 in Axes
  4915 | D:5      | Your scales start taking on a fiery red colour.
  4915 | D:5      | Reached XP level 7. HP: 15/60 MP: 7/7
  4915 | D:5      | Gained mutation: Your flesh is heat resistant. (rF+) [Red
                  | Draconian growth]
  4919 | D:5      | Reached skill level 5 in Fighting
  5947 | D:6      | Found an ornate altar of the Wu Jian Council.
  5993 | D:6      | Found a broken altar of Ashenzari.
  6105 | D:6      | Reached skill level 7 in Axes
  6380 | D:6      | Reached XP level 8. HP: 58/69 MP: 8/8
  6391 | D:6      | Reached skill level 5 in Dodging
  6682 | D:6      | Found a runed translucent door.
  6683 | D:6      | Noticed Xoff's ghost (novice GnHW)
  6848 | D:6      | Killed Xoff's ghost
  6849 | D:6      | Reached skill level 8 in Axes
  7692 | D:7      | Reached *** piety under Trog
  7802 | D:7      | Identified a scroll of acquirement
  7802 | D:7      | Acquired the +0 buckler of the Tuna {rF+ SInv}
  7845 | D:7      | Identified the +6 scale mail of Complete Protection {rElec
                  | rPois rF+ Will++}
  7882 | D:7      | Identified the +3 sling of Bodily Harmony {freeze, rF+
                  | Int+3}
  8039 | D:7      | Reached XP level 9. HP: 67/78 MP: 9/9
  8197 | D:8      | Reached skill level 1 in Evocations
  8269 | D:8      | Found a white marble altar of Elyvilon.
  8427 | D:8      | Reached skill level 9 in Axes
  8535 | D:8      | Reached skill level 1 in Shields
  8536 | D:8      | Reached skill level 10 in Axes
  8670 | D:8      | Acquired the amulet "Quuch" {Reflect Dex+4 SH+5}
  8894 | D:9      | Noticed Pikel
  8915 | D:9      | Killed Pikel
  8916 | D:9      | Reached XP level 10. HP: 72/88 MP: 10/10
  9177 | D:9      | Reached **** piety under Trog
  9749 | D:9      | Noticed a two-headed ogre
  9760 | D:9      | Killed a two-headed ogre
  9829 | D:9      | Found a hazy altar of Hepliaklqana.
  9841 | D:9      | Identified the +1 pair of boots of the Lizard {Contam rElec
                  | rC++ Str-5}
  9957 | D:10     | Entered Level 10 of the Dungeon
  9980 | D:9      | Noticed a smoke demon
  9985 | D:9      | Reached skill level 11 in Axes
 10251 | D:10     | Reached XP level 11. HP: 86/97 MP: 11/11
 10316 | D:10     | Noticed a two-headed ogre
 10340 | D:10     | Killed a two-headed ogre
 10461 | D:10     | Noticed a two-headed ogre
 10483 | D:10     | Killed a two-headed ogre
 10483 | D:10     | Reached ***** piety under Trog
 10484 | D:10     | Reached skill level 5 in Shields
 10511 | D:10     | Reached skill level 12 in Axes
 11068 | D:11     | Found a staircase to the Lair.
 11126 | D:11     | Noticed a two-headed ogre
 11140 | D:11     | Killed a two-headed ogre
 11140 | D:11     | Noticed a boulder beetle
 11184 | D:11     | Killed a boulder beetle
 11664 | Lair:1   | Entered Level 1 of the Lair of Beasts
 11670 | Lair:1   | Noticed Amaemon
 11692 | Lair:1   | Killed Amaemon
 12773 | Lair:1   | Reached XP level 12. HP: 106/106 MP: 12/12
 12792 | Lair:1   | Reached skill level 10 in Fighting
 13444 | Lair:2   | Received a gift from Trog
 13544 | Lair:2   | Reached skill level 13 in Axes
 13863 | Lair:2   | Noticed Gastronok
 13880 | Lair:2   | Killed Gastronok
 14054 | Lair:2   | Noticed a catoblepas
 14067 | Lair:2   | Killed a catoblepas
 14545 | Lair:3   | Reached skill level 14 in Axes
 14642 | Lair:3   | Found a hole to the Spider Nest.
 14896 | Lair:3   | Reached skill level 10 in Dodging
 15847 | Lair:3   | Found a staircase to the Swamp.
 15862 | Lair:3   | Reached XP level 13. HP: 76/115 MP: 13/13
 16025 | Lair:3   | Identified the +8 chain mail of Heresy {Regen+ rCorr Int+8
                  | Dex-4}
 16685 | Lair:4   | Mangled by a death yak

Illustrated notes

Levels and vault maps discovered:
D:1:      dpeg_arrival_round_b, layout_loops_ring, serial_forest,
          infiniplex_forest_clump_double, infiniplex_forest_lined_3_way,
          infiniplex_forest_end_double, infiniplex_forest_clump_small,
          infiniplex_forest_pool, infiniplex_forest_lined_2,
          infiniplex_forest_lined_2, infiniplex_forest_lined_1,
          infiniplex_forest_clump_diagonal, infiniplex_forest_lined_room_3
D:2:      layout_rooms, chequers_ecumenical_altar_grove
D:3:      layout_basic, grunt_temple_overflow_diamond, serial_shops,
          nicolae_shop_statue_plus, chequers_serial_rivers_marsh,
          nicolae_eternal_life
D:4:      layout_loops_ring, slow_altar_2, minmay_temple_entry_drinking_statues,
          chequers_serial_rivers_marsh
D:5:      layout_gridville
D:6:      layout_rooms, chequers_temple_overflow_statue_of_worship,
          gammafunk_ghost_grave
D:7:      layout_cave_pools, chequers_decorated_corner, grunt_decor_junction,
          kennysheep_minor_cross
D:8:      layout_cave_pools, elyvilon_altar_4, nrook_loot_triangle
D:9:      layout_irregular_city, nicolae_hepliaklqana_monster_ancestors,
          chequers_jeans, uniq_pikel
D:10:     layout_basic
D:11:     layout_loops_ring, grunt_lair_entry_orc_guard_hut,
          minmay_tree_intersection
Temple:   eino_narrow_crystal_temple
Lair:1:   layout_small_grid, lemuel_fruit_tree, uniq_amaemon
Lair:2:   layout_long_grid, grunt_megastairs_2, uniq_gastronok
Lair:3:   layout_layer_cave, nicolae_swamp_entry_splash_gauntlet,
          dummy_spider_entry, wad_woods_01
Lair:4:   layout_loops_ring

Skill      XL: |  1  2  3  4  5  6  7  8  9 10 11 12 13 |
---------------+----------------------------------------+-----
Dodging        | 3 4 6 7 8 9 10 | 10.3
Fighting       | 4 5 6 8 9 10 11 | 11.1
Axes           | 4 5 6 7 8 10 11 12 14 | 14.7
Stealth        | 1 2 4 |  4.6
Evocations     | 1 2 |  2.6
Shields        | 1 4 6 7 8 |  8.0

Action                   |  1- 3 |  4- 6 |  7- 9 | 10-12 | 13-15 || total
-------------------------+-------+-------+-------+-------+-------++-------
Melee: Hand axe          |   122 |    95 |   307 |   620 |       ||  1144
       Tailslap          |    10 |    13 |    43 |   154 |     6 ||   226
       Punch             |     4 |     2 |     2 |       |       ||     8
       Battleaxe         |       |       |       |   154 |    34 ||   188
       Demon whip        |       |       |       |       |     3 ||     3
Invok: Berserk           |       |     1 |     3 |     1 |     1 ||     6
       Trog's Hand       |       |     1 |     1 |     1 |     1 ||     4
       Brothers in Arms  |       |       |       |     1 |     1 ||     2
 Abil: Breathe Fire      |       |       |     2 |     4 |     1 ||     7
Evoke: Wand              |       |       |     3 |    11 |     2 ||    16
  Use: Scroll            |     4 |     7 |     9 |     7 |     2 ||    29
       Potion            |     2 |     2 |     3 |     1 |     4 ||    12
 Stab: Paralysed         |       |       |       |    11 |       ||    11
       Sleeping          |       |       |       |     6 |     1 ||     7
Armor: Skin              |    35 |    53 |   125 |   116 |    26 ||   355
Dodge: Dodged            |    58 |    73 |   226 |   492 |    88 ||   937
Block: Buckler           |       |       |    36 |   196 |       ||   232
       Reflection        |       |       |       |    12 |       ||    12
       Tower shield      |       |       |       |   229 |       ||   229
       Other             |       |       |       |    38 |    26 ||    64

Table legend: (Time is in decaauts)
 A = Elapsed time spent in this place.
 B = Non-inter-level travel time spent in this place.
 C = Inter-level travel time spent in this place.
 D = Time resting spent in this place.
 E = Time spent auto-exploring this place.
 F = Levels seen in this place.
 G = Mean time per level.
                   A        B        C        D        E       F      G
               +--------+--------+--------+--------+--------+-----+--------+
         Total |  16662 |  16268 |    394 |   2688 |  10934 |  16 | 1041.4 |
       Dungeon |  11418 |  11118 |    300 |   2089 |   7179 |  11 | 1038.0 |
        Temple |    187 |    174 |     13 |      0 |    167 |   1 |  187.0 |
          Lair |   5055 |   4975 |     80 |    599 |   3588 |   4 | 1263.8 |
               +--------+--------+--------+--------+--------+-----+--------+

Top non-repeatable levels by time:
  Lair:3: 2087 daAuts
  Lair:1: 1481 daAuts
     D:3: 1480 daAuts
     D:6: 1428 daAuts
  Lair:2: 1384 daAuts
     D:9: 1294 daAuts
     D:1: 1279 daAuts
     D:4: 1155 daAuts
     D:5: 1130 daAuts
     D:7: 793 daAuts
     D:2: 732 daAuts
     D:8: 728 daAuts
    D:10: 700 daAuts
    D:11: 694 daAuts
  Temple: 187 daAuts
